 Dungeon Crawl Stone Soup version 0.29.1-2-gbd0b4ee654 (webtiles) character file.

Game seed: 4494007121122187796

4 qeuew the Trooper (level 1, -1/18 HPs)
             Began as a Demonspawn Abyssal Knight on Nov 15, 2022.
             Was a Believer of Lugonu.
             Slain by a ball python (3 damage)
             ... on level 1 of the Dungeon.
             The game lasted 00:00:12 (51 turns).

qeuew the Trooper (Demonspawn Abyssal Knight)         Turns: 51, Time: 00:00:12

Health: -1/18      AC:  3    Str: 13    XL:     1   Next: 50%
Magic:  2/2        EV:  8    Int: 11    God:    Lugonu [**....]
Gold:   0          SH:  0    Dex: 13    Spells: 0/0 levels left

rFire   . . .      SeeInvis .   a - +1 hand axe
rCold   . . .      Faith    .   (no shield)
rNeg    . . .      Spirit   .   b - +0 leather armour
rPois   .          Reflect  .   (no helmet)
rElec   .          Harm     .   (no cloak)
rCorr   .          Rampage  .   (no gloves)
Will    .....                   (no boots)
Stlth   +.........              (no amulet)
HPRegen 0.06/turn               (no ring)
MPRegen 0.08/turn               (no ring)

@: constricted
A: no striking features
a: Renounce Religion, Depart the Abyss, Bend Space


You were on level 1 of the Dungeon.
You worshipped Lugonu.
Lugonu was pleased with you.
You visited 1 branch of the dungeon, and saw 1 of its levels.
You visited the Abyss 1 time.

Inventory:

Hand Weapons
 a - a +1 hand axe (weapon)
Armour
 b - a +0 leather armour (worn)


   Skills:
 + Level 3.0 Fighting
 + Level 1.8 Axes
 + Level 1.8 Armour
 + Level 1.0 Dodging
 + Level 2.5 Invocations


You couldn't memorise any spells.
You didn't know any spells.
Your spell library was empty.

Dungeon Overview and Level Annotations

Branches:
Dungeon (1/15)

Altars:


Message History

You closely miss the giant cockroach.
The giant cockroach is moderately wounded.
You closely miss the ball python. The giant cockroach barely misses you.
The ball python bites you but does no damage.
The ball python constricts you. The giant cockroach barely misses you.
You closely miss the giant cockroach.
The giant cockroach is moderately wounded.
You barely miss the ball python.
The ball python bites you but does no damage.
The ball python constricts you. The giant cockroach barely misses you.
The ball python bites you. The ball python constricts you.
Unknown command.
You hit the giant cockroach.
You kill the giant cockroach!
Lugonu accepts your kill.
You closely miss the ball python. The ball python barely misses you.
The ball python constricts you.
Your Dodging skill increases to level 1!
You hit the endoplasm.
The endoplasm is moderately wounded.
You barely miss the ball python. The ball python bites you.
The ball python constricts you.
* * * LOW HITPOINT WARNING * * *
The endoplasm hits you.
* * * LOW HITPOINT WARNING * * *
You aren't carrying any potions.
Unknown command.
You hit the endoplasm.
You kill the endoplasm!
Lugonu accepts your kill.
You completely miss the ball python.
The ball python bites you but does no damage.
The ball python constricts you.
The ball python bites you but does no damage.
The ball python constricts you.
* * * LOW HITPOINT WARNING * * *
You closely miss the ball python.
The ball python is heavily wounded.
The ball python bites you.
You die...

#.# .# #.## ##.
#.#.### .. #
..###..#
####.#.# ###
#.#.# #.#..... .
#.##.## #.#..#
...
...#...#####†.#
#.... ###
#.#........#...#
#...#####.@†#
##### #.#S#
#....# ##.#.#
.... .....
.#.... ..#.


You could see a ball python.

Vanquished Creatures
  An endoplasm (D:1)
  2 giant cockroaches (D:1)
3 creatures vanquished.

Notes
Turn   | Place    | Note
-------+----------+-------------------------------------------
     0 | Abyss:1  | qeuew the Demonspawn Abyssal Knight began the quest for the
                  | Orb.
     0 | Abyss:1  | Reached XP level 1. HP: 18/18 MP: 2/2
     1 | D:1      | Escaped the Abyss
    49 | D:1      | Reached skill level 1 in Dodging
    51 | D:1      | Slain by a ball python

Illustrated notes

Levels and vault maps discovered:
D:1:      wander_arrival_lonely_grave, layout_loops_ring,
          hangedman_decor_peaks_small

Skill      XL: |  1 |
---------------+----+-----
Dodging        | 1 |  1.0
Fighting       | |  3.0
Axes           | |  1.8
Armour         | |  1.8
Invocations    | |  2.5

Action                   || total
-------------------------++-------
Melee: Hand axe          ||    13
Armor: Leather armour    ||     8
Dodge: Dodged            ||     9
